 Dungeon Crawl Stone Soup version 0.31.0-12-g77e489cdc1 (webtiles) character file.

Game seed: 16698210031849576676

299 monsoonserge the Sneak (level 6, -6/42 HPs)
             Began as an Octopode Fighter on Mar 4, 2024.
             Killed from afar by Dowan (21 damage)
             ... with a shard of ice
             ... on level 4 of the Dungeon.
             The game lasted 00:07:42 (2613 turns).

monsoonserge the Sneak (Octopode Fighter)           Turns: 2613, Time: 00:07:44

Health: -6/42      AC:  1    Str: 16    XL:     6   Next: 36%
Magic:  6/6        EV: 13    Int:  9    God:
Gold:   156        SH:  5    Dex: 16    Spells: 5/5 levels left

rFire   . . .        f - +2 long sword (vamp)
rCold   . . .        a - +0 buckler
rNeg    . . .        (helmet restricted)
rPois   .            (no amulet)
rElec   .            (no ring)
rCorr   .            (no ring)
SInv    .            (no ring)
Will    .....        (no ring)
Stlth   ++++         (no ring)
HPRegen 0.27/turn    (no ring)
MPRegen 0.10/turn    (no ring)
                     (no ring)

%: no passive effects
@: mighty
A: almost no armour, amphibious, 8 rings, camouflage 1, gelatinous body 1,
(nimble swimmer 1), tentacles, antennae 1, tentacle spike 1, agile 1, subdued
magic 1
a: no special abilities


You were on level 4 of the Dungeon.
You visited 1 branch of the dungeon, and saw 4 of its levels.

You collected 156 gold pieces.

Inventory:

Hand Weapons
 f - a +2 vampiric long sword (weapon)
Missiles
 i - 6 poisoned darts (quivered)
 k - 5 boomerangs
Armour
 a - a +0 buckler (worn)
Scrolls
 d - a scroll of vulnerability {unknown}
 e - a scroll of blinking
 h - a scroll of enchant armour
 m - a scroll of summoning {unknown}
 o - a scroll of immolation
 s - a scroll of noise
 t - 2 scrolls of teleportation {unknown}
Potions
 c - a potion of mutation
 g - a potion of heal wounds {unknown}
 j - a potion of berserk rage {unknown}
 l - 4 potions of attraction {unknown}
 n - a potion of ambrosia {unknown}
 p - a potion of magic {unknown}
 q - a potion of resistance {unknown}
 r - 3 potions of lignification


   Skills:
 + Level 3.5 Fighting
 - Level 3.0 Long Blades
 + Level 0.1 Throwing
 + Level 3.0 Dodging
 - Level 4.0 Stealth
 + Level 3.8 Shields
 * Level 3.5 Unarmed Combat


You had 5 spell levels left.
You didn't know any spells.
Your spell library contained the following spells:

 Spells                   Type           Power      Damage    Failure   Level
 Dazzling Flash           Conj/Hex       0%         N/A       80%         3
 Volatile Blastmotes      Fire/Tloc      0%         2d10      80%         3
 Starburst                Conj/Fire      0%         6d3       100%        6
 Maxwell's Capacitive Co  Air            0%         ∞         100%        8


Dungeon Overview and Level Annotations

Branches:
Dungeon (4/15)
 Temple: D:4-7

Altars:

Annotations:
D:4 Dowan


Innate Abilities, Weirdness & Mutations

You cannot wear most types of armour.
You are amphibious.
You can wear up to eight rings at the same time.
Your skin changes colour to match your surroundings (Stealth+).
Your rubbery body absorbs attacks. (AC +1, EV +1)
((You are camouflaged when in or above water. (Stealth+)))
You have tentacles for arms and can constrict up to eight enemies at once.
You have a pair of small antennae on your head.
One of your tentacles bears a spike.
You are agile. (Dex +4, Str/Int -1)
Your spells are a little easier to cast, but a little less powerful.


Message History

You open the door.
There is an open door here.
You open the door.
There is an open door here.
There is an open door here.
There is an open door here.
There is a stone staircase leading down here.
You climb downwards.
Level annotation: Dowan, Duvessa
Found an escape hatch in the ceiling.
There is a stone staircase leading up here.
There is an escape hatch in the ceiling here.
Duvessa shouts!
Duvessa says, "Where magic fails, the sword succeeds!"
Found 5 stones.
You closely miss Duvessa. You grab Duvessa.
You constrict Duvessa, but do no damage.
Duvessa hits you with a +0 short sword.
You hit Duvessa but do no damage.
You constrict Duvessa, but do no damage.
Duvessa hits you with a +0 short sword!
You hit Duvessa.
You feel better.
Duvessa is lightly wounded.
You constrict Duvessa. Duvessa hits you with a +0 short sword.
Duvessa closely misses you.
You hit Duvessa but do no damage.
You pierce Duvessa.
Duvessa is moderately wounded.
You constrict Duvessa, but do no damage.
Duvessa hits you with a +0 short sword!
You feel very mighty all of a sudden.
You constrict Duvessa. Duvessa hits you with a +0 short sword!
* * * LOW HITPOINT WARNING * * *
You slash Duvessa!
You feel better.
You squeeze Duvessa.
You kill Duvessa!
Dowan's eyes darken. "You have made a grave mistake."
Dowan seems to find hidden reserves of power!
Dowan casts a spell at you. The shard of ice hits you!!
Ouch! That really hurt!
You die...

#.#.........####
#........<#....#####
.........##........#
#.....#####........#
#.....#
#........#####
#.....#
##........#...
#.....#
#..e........(
#.....# ##..)...#
#.....# ##@##.#
####### #....#
####.# #####<#
#<....# #####.######
#......# ######.#


You could see Dowan (fast).

Vanquished Creatures
  Duvessa (D:4)
  A scorpion (D:2)
  2 orc priests
  A bombardier beetle (D:2)
  Natasha (D:4)
  3 adders
  A shadow imp (D:4)
  A dart slug (D:4)
  A ribbon worm (D:4)
  7 orcs
  8 bats
  3 endoplasms
  6 giant cockroaches
  5 goblins
  6 hobgoblins
  6 jackals
  2 quokkas (D:2)
  10 ball pythons
  4 frilled lizards
  7 kobolds
  7 rats
83 creatures vanquished.

Notes
Turn   | Place    | Note
-------+----------+-------------------------------------------
     0 | D:1      | monsoonserge the Octopode Fighter began the quest for the
                  | Orb.
     0 | D:1      | Reached XP level 1. HP: 16/16 MP: 1/1
   180 | D:1      | Reached XP level 2. HP: 21/21 MP: 2/2
   293 | D:1      | Reached XP level 3. HP: 20/26 MP: 3/3
   540 | D:2      | Reached skill level 1 in Long Blades
   759 | D:2      | Gained mutation: You are agile. (Dex +4, Str/Int -1)
                  | [potion of mutation]
   759 | D:2      | Gained mutation: One of your tentacles bears a spike.
                  | [potion of mutation]
   759 | D:2      | Gained mutation: Your spells are a little easier to cast,
                  | but a little less powerful. [potion of mutation]
   759 | D:2      | Gained mutation: You have a pair of small antennae on your
                  | head. [potion of mutation]
   761 | D:2      | Reached skill level 1 in Stealth
   761 | D:2      | Reached XP level 4. HP: 12/31 MP: 4/4
   832 | D:2      | Noticed a scorpion
   838 | D:2      | Killed a scorpion
   839 | D:2      | Reached skill level 2 in Stealth
   839 | D:2      | Reached XP level 5. HP: 26/36 MP: 5/5
  1393 | D:3      | Reached skill level 3 in Stealth
  2057 | D:4      | Reached XP level 6. HP: 41/42 MP: 6/6
  2336 | D:4      | Reached skill level 4 in Stealth
  2371 | D:4      | Noticed Natasha
  2376 | D:4      | Killed Natasha
  2528 | D:4      | Noticed Dowan
  2529 | D:4      | Noticed Duvessa
  2613 | D:4      | Killed Duvessa
  2613 | D:4      | Killed from afar by Dowan

Illustrated notes

Levels and vault maps discovered:
D:1:      onia_arrival_handbag, layout_rooms
D:2:      layout_rooms, minmay_distorted
D:3:      layout_loops_corners
D:4:      layout_basic, uniq_natasha, uniq_duvessa

Skill      XL: |  1  2  3  4  5  6 |
---------------+-------------------+-----
Long Blades    | 1 2 3 |  3.0
Stealth        | 1 2 3 4 |  4.0
Unarmed Combat | 3 |  3.5
Fighting       | |  3.5
Throwing       | |  0.1
Dodging        | |  3.0
Shields        | |  3.8

Action                     |  1- 3 |  4- 6 || total
---------------------------+-------+-------++-------
  Melee: Long sword        |    60 |    68 ||   128
         Unarmed           |     5 |       ||     5
         Constrict         |    17 |    22 ||    39
         Tentacles         |     9 |    11 ||    20
         Kick              |       |    20 ||    20
         Punch             |       |     1 ||     1
  Throw: Boomerang         |       |     1 ||     1
    Use: Potion            |     2 |     3 ||     5
         Scroll            |       |     5 ||     5
   Stab: Sleeping          |     6 |    13 ||    19
 Armour: Skin              |    28 |    24 ||    52
  Dodge: Dodged            |    52 |    22 ||    74
  Block: Buckler           |    18 |    10 ||    28
